SA
NEBRASKA PLAINSMEN @ PHOENIX HOTSPUR U-21
07/13/2034
 
TOP OF THE 1ST
Nebraska Plainsmen batting - Pitching for Phoenix Hotspur U-21 : LHP Umebayashi Naofumi
Pitching: LHP Umebayashi Naofumi
Batting: RHB Adam Jensson 0-0: Ball
1-0: Ball
2-0: Called Strike
2-1: Ball
3-1: Reached on error, E4 (Groundball, 4S)
Batting: RHB José Díaz 0-0: Ball
1-0: Foul Ball, location: 2F
1-1: Ball
2-1: Fielders Choice at 2nd, 5-4 (Groundball, 5L)
Batting: RHB Diego Martínez 0-0: Foul Ball, location: 2F
0-1: Ball
1-1: Fly out, F5 (Popup, 5)
Batting: SHB Alejandro Arizméndiz 0-0: Called Strike
0-1: Called Strike
0-2: Ball
1-2: Ball
2-2: Ball
3-2: Base on Balls
José Díaz to second
Batting: RHB Johnny Young 0-0: Ball
1-0: Called Strike
1-1: Ball
2-1: Foul Ball, location: 2F
2-2: Ball
3-2: Foul Ball, location: 2F
3-2: Foul Ball, location: 2F
3-2: SINGLE (Groundball, 6MD)
José Díaz to third
Alejandro Arizméndiz to second
José Díaz scores
Alejandro Arizméndiz to third
Batting: RHB Modesto Barreiro 0-0: Ball
1-0: Ball
2-0: SINGLE (Line Drive, 78M)
Alejandro Arizméndiz scores
Johnny Young to second
Batting: RHB Tomas van Noord 0-0: Called Strike
0-1: Swinging Strike
0-2: Strikes out swinging
Top of the 1st over - 2 runs, 2 hits, 1 error, 2 left on base; Nebraska 2 - Phoenix 0
BOTTOM OF THE 1ST
Phoenix Hotspur U-21 batting - Pitching for Nebraska Plainsmen : RHP Augusto Cardona
Pitching: RHP Augusto Cardona
Batting: RHB Tyler Hannah 0-0: Ball
1-0: Foul Ball, location: 2F
1-1: Ball
2-1: Called Strike
2-2: SINGLE (Groundball, 56S) (infield hit)
Batting: RHB Lee Cooper 0-0: Ball
Tyler Hannah steals 2nd base
1-0: Called Strike
1-1: Ball
2-1: Foul Ball, location: 2F
2-2: Strikes out swinging
Batting: RHB Terry MacDonald 0-0: Called Strike
0-1: Foul Ball, location: 2F
0-2: Foul Ball, location: 2F
0-2: Strikes out swinging, 2-3 out at first.
Batting: LHB Carel Oskamp 0-0: Ball
1-0: Ball
2-0: Ball
3-0: Called Strike
3-1: Fly out, F8 (Line Drive, 8LS)
Bottom of the 1st over - 0 runs, 1 hit, 0 errors, 1 left on base; Nebraska 2 - Phoenix 0
TOP OF THE 2ND
Nebraska Plainsmen batting - Pitching for Phoenix Hotspur U-21 : LHP Umebayashi Naofumi
Batting: RHB Bill Reynolds 0-0: Ball
1-0: Called Strike
1-1: Ball
2-1: Swinging Strike
2-2: Ground out 5-3 (Groundball, 5)
Batting: RHB Greg Kelly 0-0: Called Strike
0-1: Ball
1-1: Ball
2-1: Ball
3-1: TRIPLE (Flyball, 8RXD)
Batting: RHB Adam Jensson 0-0: Ball
1-0: Ball
2-0: Called Strike
2-1: 2-RUN HOME RUN (Flyball, 7D), Distance : 404 ft
Batting: RHB José Díaz 0-0: Called Strike
0-1: Foul Ball, location: 2F
0-2: Ball
1-2: DOUBLE (Line Drive, 7D)
Batting: RHB Diego Martínez 0-0: Foul Ball, location: 2F
0-1: Called Strike
0-2: Ground out 5-3 (Groundball, 56)
Batting: SHB Alejandro Arizméndiz 0-0: Called Strike
0-1: Foul Ball, location: 2F
0-2: Fly out, F7 (Line Drive, 7)
Top of the 2nd over - 2 runs, 3 hits, 0 errors, 1 left on base; Nebraska 4 - Phoenix 0
BOTTOM OF THE 2ND
Phoenix Hotspur U-21 batting - Pitching for Nebraska Plainsmen : RHP Augusto Cardona
Batting: RHB Jeff Oglethorpe 0-0: Called Strike
0-1: Foul Ball, location: 2F
0-2: Ball
1-2: Ball
2-2: Foul Ball, location: 2F
2-2: Foul Ball, location: 2F
2-2: Fly out, F9 (Flyball, 9LSF)
Batting: RHB Denny Pickett 0-0: Ball
1-0: Ball
2-0: Called Strike
2-1: Called Strike
2-2: Strikes out looking
Batting: LHB Valerius Buser 0-0: Called Strike
0-1: Foul Ball, location: 2F
0-2: Foul Ball, location: 2F
0-2: Ball
1-2: Foul Ball, location: 2F
1-2: Ball
2-2: Fly out, F9 (Line Drive, 9D)
Bottom of the 2nd over - 0 runs, 0 hits, 0 errors, 0 left on base; Nebraska 4 - Phoenix 0
TOP OF THE 3RD
Nebraska Plainsmen batting - Pitching for Phoenix Hotspur U-21 : LHP Umebayashi Naofumi
Batting: RHB Johnny Young 0-0: Ball
1-0: Ball
2-0: SOLO HOME RUN (Flyball, 78XD), Distance : 434 ft
Batting: RHB Modesto Barreiro 0-0: Called Strike
0-1: Ball
1-1: Called Strike
1-2: Strikes out swinging
Batting: RHB Tomas van Noord 0-0: Called Strike
0-1: Called Strike
0-2: Foul Ball, location: 2F
0-2: Ball
1-2: Ground out 6-3 (Groundball, 6S)
Batting: RHB Bill Reynolds 0-0: Called Strike
0-1: Called Strike
0-2: Strikes out swinging
Top of the 3rd over - 1 run, 1 hit, 0 errors, 0 left on base; Nebraska 5 - Phoenix 0
BOTTOM OF THE 3RD
Phoenix Hotspur U-21 batting - Pitching for Nebraska Plainsmen : RHP Augusto Cardona
Batting: LHB Keith York 0-0: Called Strike
0-1: Ball
1-1: Foul Ball, location: 2F
1-2: Foul Ball, location: 2F
1-2: Fly out, F7 (Flyball, 8LS)
Batting: RHB Eugene McClellan 0-0: Ball
1-0: Called Strike
1-1: Ball
2-1: SINGLE (Line Drive, 56)
Batting: RHB Tyler Hannah 0-0: Foul Ball, location: 2F
0-1: Foul Ball, location: 2F
0-2: Strikes out swinging
Batting: RHB Lee Cooper 0-0: Foul Ball, location: 2F
0-1: Ball
1-1: Ball
2-1: Ball
3-1: Base on Balls
Eugene McClellan to second
Batting: RHB Terry MacDonald 0-0: Foul Ball, location: 2F
0-1: Foul Ball, location: 2F
0-2: Ball
1-2: Foul Ball, location: 2F
1-2: Ground out 4-3 (Groundball, 4)
Bottom of the 3rd over - 0 runs, 1 hit, 0 errors, 2 left on base; Nebraska 5 - Phoenix 0
TOP OF THE 4TH
Nebraska Plainsmen batting - Pitching for Phoenix Hotspur U-21 : LHP Umebayashi Naofumi
Batting: RHB Greg Kelly 0-0: Swinging Strike
0-1: Ball
1-1: Called Strike
1-2: Ball
2-2: Ball
3-2: Base on Balls
Batting: RHB Adam Jensson 0-0: Called Strike
0-1: Called Strike
0-2: Foul Ball, location: 2F
0-2: Strikes out swinging
Batting: RHB José Díaz 0-0: Ball
1-0: Ball
2-0: Fly out, F7 (Flyball, 7)
Batting: RHB Diego Martínez 0-0: Called Strike
0-1: Fly out, F6 (Line Drive, 6)
Top of the 4th over - 0 runs, 0 hits, 0 errors, 1 left on base; Nebraska 5 - Phoenix 0
BOTTOM OF THE 4TH
Phoenix Hotspur U-21 batting - Pitching for Nebraska Plainsmen : RHP Augusto Cardona
Batting: LHB Carel Oskamp 0-0: Ball
1-0: Ball
2-0: Foul Ball, location: 2F
2-1: Fly out, F8 (Flyball, 8RM)
Batting: RHB Jeff Oglethorpe 0-0: Ball
1-0: Ball
2-0: Called Strike
2-1: Foul Ball, location: 2F
2-2: Foul Ball, location: 2F
2-2: Ball
3-2: Hit by Pitch
Batting: RHB Denny Pickett 0-0: Called Strike
0-1: Fly out, F9 (Flyball, 9S)
Batting: LHB Valerius Buser 0-0: Ball
1-0: Fly out, F8 (Flyball, 78D)
Bottom of the 4th over - 0 runs, 0 hits, 0 errors, 1 left on base; Nebraska 5 - Phoenix 0
TOP OF THE 5TH
Nebraska Plainsmen batting - Pitching for Phoenix Hotspur U-21 : LHP Umebayashi Naofumi
Batting: SHB Alejandro Arizméndiz 0-0: Called Strike
0-1: Ball
1-1: Ball
2-1: Foul Ball, location: 2F
2-2: Fly out, F9 (Flyball, 89M)
Batting: RHB Johnny Young 0-0: Ball
1-0: Foul Ball, location: 2F
1-1: Ground out U3 (Groundball, 3S)
Batting: RHB Modesto Barreiro 0-0: Called Strike
0-1: Ground out 5-3 (Groundball, 56)
Top of the 5th over - 0 runs, 0 hits, 0 errors, 0 left on base; Nebraska 5 - Phoenix 0
BOTTOM OF THE 5TH
Phoenix Hotspur U-21 batting - Pitching for Nebraska Plainsmen : RHP Augusto Cardona
Batting: LHB Keith York 0-0: Swinging Strike
0-1: Ball
1-1: Foul Ball, location: 2F
1-2: Ball
2-2: Foul Ball, location: 2F
2-2: Ball
3-2: Strikes out looking
Batting: RHB Eugene McClellan 0-0: Ball
1-0: Ball
2-0: Foul Ball, location: 2F
2-1: Foul Ball, location: 2F
2-2: Ball
3-2: Fly out, F9 (Line Drive, 89M)
Batting: RHB Tyler Hannah 0-0: Called Strike
0-1: Foul Ball, location: 2F
0-2: Ground out 6-3 (Groundball, 6)
Bottom of the 5th over - 0 runs, 0 hits, 0 errors, 0 left on base; Nebraska 5 - Phoenix 0
TOP OF THE 6TH
Nebraska Plainsmen batting - Pitching for Phoenix Hotspur U-21 : LHP Umebayashi Naofumi
Batting: RHB Tomas van Noord 0-0: Ball
1-0: Foul Ball, location: 2F
1-1: Ball
2-1: SINGLE (Groundball, 56D)
Batting: RHB Bill Reynolds 0-0: Called Strike
0-1: Fly out, F7 (Flyball, 78D)
Batting: RHB Greg Kelly 0-0: SINGLE (Groundball, 34D)
Tomas van Noord to second
Runner from 2nd tries for 3rd, SAFE, no throw
Batting: RHB Adam Jensson 0-0: Swinging Strike
0-1: Foul Ball, location: 2F
0-2: Ball
1-2: Strikes out swinging
Pitching: LHP Chris Stewart
Batting: RHB José Díaz 0-0: Foul Ball, location: 2F
0-1: Ball
1-1: Foul Ball, location: 2F
1-2: Ball
2-2: Foul Ball, location: 2F
2-2: Ball
3-2: Fly out, F7 (Flyball, 78M)
Top of the 6th over - 0 runs, 2 hits, 0 errors, 2 left on base; Nebraska 5 - Phoenix 0
BOTTOM OF THE 6TH
Phoenix Hotspur U-21 batting - Pitching for Nebraska Plainsmen : RHP Augusto Cardona
Batting: RHB Lee Cooper 0-0: Foul Ball, location: 2F
0-1: Fly out, F3 (Popup, 34S)
Batting: RHB Terry MacDonald 0-0: Fly out, F7 (Flyball, 78M)
Batting: LHB Carel Oskamp 0-0: Fly out, F7 (Line Drive, 7)
Bottom of the 6th over - 0 runs, 0 hits, 0 errors, 0 left on base; Nebraska 5 - Phoenix 0
TOP OF THE 7TH
Nebraska Plainsmen batting - Pitching for Phoenix Hotspur U-21 : LHP Chris Stewart
Batting: RHB Diego Martínez 0-0: Ball
1-0: Fly out, F5 (Line Drive, 5S)
Batting: SHB Alejandro Arizméndiz 0-0: Ball
1-0: Foul Ball, location: 2F
1-1: Ball
2-1: Fly out, F8 (Flyball, 8LS)
Batting: RHB Johnny Young 0-0: Called Strike
0-1: Fly out, F9 (Flyball, 9)
Top of the 7th over - 0 runs, 0 hits, 0 errors, 0 left on base; Nebraska 5 - Phoenix 0
BOTTOM OF THE 7TH
Phoenix Hotspur U-21 batting - Pitching for Nebraska Plainsmen : RHP Augusto Cardona
Batting: RHB Jeff Oglethorpe 0-0: Called Strike
0-1: Ball
1-1: Ball
2-1: Called Strike
2-2: Foul Ball, location: 2F
2-2: Ball
3-2: Strikes out looking
Batting: RHB Denny Pickett 0-0: Called Strike
0-1: Fly out, F7 (Flyball, 7LS)
Batting: LHB Valerius Buser 0-0: Ball
1-0: Called Strike
1-1: Foul Ball, location: 2F
1-2: Strikes out swinging
Bottom of the 7th over - 0 runs, 0 hits, 0 errors, 0 left on base; Nebraska 5 - Phoenix 0
TOP OF THE 8TH
Nebraska Plainsmen batting - Pitching for Phoenix Hotspur U-21 : LHP Chris Stewart
Batting: RHB Modesto Barreiro 0-0: Ball
1-0: Called Strike
1-1: Ground out U3 (Groundball, 3S)
Batting: RHB Tomas van Noord 0-0: Swinging Strike
0-1: Ball
1-1: Called Strike
1-2: Ball
2-2: Strikes out swinging
Batting: RHB Bill Reynolds 0-0: Ball
1-0: Ball
2-0: Foul Ball, location: 2F
2-1: Ball
3-1: Swinging Strike
3-2: Base on Balls
Batting: RHB Greg Kelly 0-0: Ball
Bill Reynolds is caught stealing 2nd base
Top of the 8th over - 0 runs, 0 hits, 0 errors, 0 left on base; Nebraska 5 - Phoenix 0
BOTTOM OF THE 8TH
Phoenix Hotspur U-21 batting - Pitching for Nebraska Plainsmen : RHP Augusto Cardona
Pitching: RHP Cale Campbell
Batting: LHB Keith York 0-0: Ball
1-0: Ground out 6-3 (Groundball, 6)
Batting: RHB Eugene McClellan 0-0: Ground out 5-3 (Groundball, 56)
Batting: RHB Tyler Hannah 0-0: Ball
1-0: Ball
2-0: Ball
3-0: Called Strike
3-1: SOLO HOME RUN (Flyball, 7LD), Distance : 352 ft
Batting: RHB Lee Cooper 0-0: Ball
1-0: Called Strike
1-1: Ball
2-1: Called Strike
2-2: Ground out 6-3 (Groundball, 6)
Bottom of the 8th over - 1 run, 1 hit, 0 errors, 0 left on base; Nebraska 5 - Phoenix 1
TOP OF THE 9TH
Nebraska Plainsmen batting - Pitching for Phoenix Hotspur U-21 : LHP Chris Stewart
Pitching: RHP César Vela
Batting: RHB Greg Kelly 0-0: Fly out, F8 (Flyball, 8RS)
Batting: RHB Adam Jensson 0-0: Hit by Pitch
Batting: RHB José Díaz 0-0: Ball
1-0: Swinging Strike
1-1: Grounds into double play, 5-4-3 (Groundball, 5)
Top of the 9th over - 0 runs, 0 hits, 0 errors, 0 left on base; Nebraska 5 - Phoenix 1
BOTTOM OF THE 9TH
Phoenix Hotspur U-21 batting - Pitching for Nebraska Plainsmen : RHP Cale Campbell
Batting: RHB Terry MacDonald 0-0: Ball
1-0: SINGLE (Line Drive, 89S)
Batting: LHB Carel Oskamp 0-0: Ball
1-0: Foul Ball, location: 2F
1-1: Called Strike
1-2: Ball
2-2: Ball
3-2: Foul Ball, location: 2F
3-2: SINGLE (Groundball, 15S) (infield hit)
Terry MacDonald to second
Pitching: RHP Dennis Wion
Batting: RHB Jeff Oglethorpe 0-0: Called Strike
0-1: Called Strike
0-2: Strikes out swinging
Batting: RHB Denny Pickett 0-0: Called Strike
0-1: Foul Ball, location: 2F
0-2: Ball
1-2: Ball
2-2: Grounds into double play, 6-4-3 (Groundball, 6)
Bottom of the 9th over - 0 runs, 2 hits, 0 errors, 1 left on base; Nebraska 5 - Phoenix 1
Friday, March 29th, 2019 - OOTP Baseball 18.8 Build 76